 Dungeon Crawl Stone Soup version 0.30.0-10-gfe55d96785 (webtiles) character file.

Game seed: 13651933580155301651

258 GigaChad the Shield-Bearer (level 6, -2/48 HPs)
             Began as a Formicid Fighter on May 16, 2023.
             Slain by a jelly (3 damage)
             ... on level 4 of the Dungeon.
             The game lasted 00:04:28 (2850 turns).

GigaChad the Shield-Bearer (Formicid Fighter)       Turns: 2850, Time: 00:04:29

Health: -2/48      AC:  0    Str: 23    XL:     6   Next: 40%
Magic:  6/6        EV:  9    Int:  7    God:
Gold:   220        SH:  5    Dex: 13    Spells: 5/5 levels left

rFire   . . .        a - +1 war axe
rCold   . . .        c - +0 buckler
rNeg    . . .        b - +0 scale mail
rPois   .            (helmet unavailable)
rElec   .            (no cloak)
rCorr   .            (no gloves)
SInv    +            (no boots)
Will    .....        (no amulet) Stlth
                     (no ring)
HPRegen 0.28/turn    (no ring)
MPRegen 0.10/turn

%: no passive effects
@: corroded
A: permanent stasis, dig shafts and tunnels, antennae 3, four strong arms
a: Dig, Shaft Self


You were on level 4 of the Dungeon.
You visited 1 branch of the dungeon, and saw 4 of its levels.

You collected 220 gold pieces.

Inventory:

Hand Weapons
 a - a +1 war axe (weapon)
Armour
 b - a +0 scale mail (worn)
 c - a +0 buckler (worn)
Jewellery
 i - a ring of resist corrosion
 k - a ring of positive energy
 n - a +6 ring of dexterity
Wands
 o - a wand of flame (13)
Scrolls
 e - a scroll of magic mapping
 h - 2 scrolls of vulnerability
 l - 2 scrolls of fear {unknown}
 m - 2 scrolls of blinking
Potions
 d - a potion of might
 f - a potion of degeneration {unknown}
 g - a potion of berserk rage {unknown}
 j - 4 potions of mutation {unknown}
 p - a potion of haste {unknown}


   Skills:
 * Level 4.1 Fighting
 * Level 4.5 Axes
 * Level 4.5 Armour
 * Level 4.9 Shields


You had 5 spell levels left.
You didn't know any spells.
Your spell library contained the following spells:

 Spells                   Type           Power      Damage    Failure   Level
 Magic Dart               Conj           0%         1d3       80%         1
 Call Imp                 Summ           0%         N/A       90%         2
 Mephitic Cloud           Conj/Pois/Air  0%         N/A       99%         3
 Manifold Assault         Tloc           0%         N/A       100%        4
 Dispersal                Tloc           0%         N/A       100%        6
 Disjunction              Tloc           0%         N/A       100%        8


Dungeon Overview and Level Annotations

Branches:
Dungeon (4/15)
 Temple: D:4-7

Altars:


Innate Abilities, Weirdness & Mutations

You cannot be hasted, slowed, berserked, paralysed or teleported.
You can dig through walls and to a lower floor.
You have a pair of large antennae on your head. (SInv)
Your four strong arms can wield two-handed weapons with a shield.


Message History

You kill the ball python!
No target in view!
No target in view!
A jelly comes into view.
The jelly quivers.
A jelly is nearby!
The jelly hits you but does no damage.
You hit the jelly but do no damage.
Your hands burn!
The jelly hits you but does no damage.
You hit the jelly.
Your hands burn!
The jelly is moderately wounded.
The jelly hits you. The acid corrodes you!
You are splashed with acid!
The jelly closely misses you.
You hit the jelly.
Your hands burn!
The jelly is heavily wounded.
The jelly hits you but does no damage.
You hit the jelly. The acid corrodes you!
Your hands burn!
The jelly is severely wounded.
The jelly hits you.
You are splashed with acid!
* * * LOW HITPOINT WARNING * * *
You are too injured to fight recklessly!
You are too injured to fight recklessly!
You are too injured to fight recklessly!
You are too injured to fight recklessly!
Unknown command.
You are too injured to fight recklessly!
You are too injured to fight recklessly!
You are too injured to fight recklessly!
You barely miss the jelly.
The jelly is severely wounded.
The jelly hits you.
* * * LOW HITPOINT WARNING * * *
You are splashed with acid!
* * * LOW HITPOINT WARNING * * *
You block the jelly's attack.
You hit the jelly but do no damage.
Your hands burn!
* * * LOW HITPOINT WARNING * * *
The jelly is severely wounded.
The jelly hits you.
You die...

#########)#.##.#.##.# #..
{...........#..†..(#######
###..##.#......##........
..#..##....##############
...........#
#.#..##....###
#.#..##......#
..........#.#
#####..@..#.# ##.J.## #
#...# #.... ###.## .# ..
..


You could see a jelly.

Vanquished Creatures
  A jelly (D:4)
  2 orc priests (D:4)
  An iguana (D:4)
  4 adders
  2 worms
  2 dart slugs
  10 orcs
  9 ball pythons
  13 bats
  8 endoplasms
  6 giant cockroaches
  3 goblins
  10 hobgoblins
  4 jackals (D:2)
  6 kobolds
  A quokka (D:1)
  3 rats
85 creatures vanquished.

Notes
Turn   | Place    | Note
-------+----------+-------------------------------------------
     0 | D:1      | GigaChad the Formicid Fighter began the quest for the Orb.
     0 | D:1      | Reached XP level 1. HP: 18/18 MP: 1/1
    34 | D:1      | Reached XP level 2. HP: 18/24 MP: 2/2
   136 | D:1      | Reached XP level 3. HP: 28/29 MP: 3/3
   178 | D:1      | You fall into a shaft and drop 1 floor!
   409 | D:1      | Found a faded altar of an unknown god.
   861 | D:2      | Reached XP level 4. HP: 36/36 MP: 4/4
  1704 | D:3      | Reached XP level 5. HP: 40/42 MP: 5/5
  2630 | D:4      | Reached XP level 6. HP: 48/48 MP: 6/6
  2850 | D:4      | HP: 1/48 [acid (5)]
  2850 | D:4      | Slain by a jelly

Illustrated notes

Levels and vault maps discovered:
D:1:      lemuel_arrival_river_ford, layout_loops_ring,
          ebering_ecumenical_altar_mist, minmay_misc_feat_diagonals,
          corexii_item_surrounded_by_moat
D:2:      layout_loops_ring
D:3:      layout_basic, minivault_4, chequers_big_river
D:4:      layout_loops_cross, minmay_temple_entry_proselytizer,
          grunt_ministairs_8

Skill      XL: |  1  2  3  4  5 |
---------------+----------------+-----
Axes           | 3 4 |  4.5
Armour         | 4 |  4.5
Fighting       | 4 |  4.1
Shields        | |  4.9

Action                     |  1- 3 |  4- 6 || total
---------------------------+-------+-------++-------
  Melee: War axe           |    90 |   117 ||   207
    Use: Scroll            |     1 |     6 ||     7
 Armour: Scale mail        |    59 |    72 ||   131
  Dodge: Dodged            |    62 |    65 ||   127
  Block: Buckler           |    23 |    31 ||    54
